Cogmind - Beta 13 @@@ ROGUE MODE // 2024.04.12 @ 16:38:59 Player: JTMusky Result: Destroyed by G-34 Mercenary with Small Laser Performance ------------- Evolutions (0) 0 Regions Visited (1) 200 Robots Destroyed (14) 70 Value Destroyed (215) 215 Prototype IDs (0) 0 Alien Tech Used (0) 0 Bonus (32) 32 TOTAL SCORE: 517 Bonus ------- High Alert Combat Kills 32 Cogmind --------- Core Integrity 0/250 Matter 289/300 Energy 79/100 System Corruption 0% Temperature Cool (53) Movement Core (150) Ox2 Location -10/Materials Parts ------- > --- POWER (1) -------- (None) > --- PROPULSION (2) --- (None) > --- UTILITY (2) ------ Small Storage Unit Signal Interpreter > --- WEAPON (2) ------- Medium Laser Light Assault Rifle > --- INVENTORY (8) ---- Compact Wheel Medium Matter Pod (100) Tractor Beam Peak State ------------ > --- POWER ------------ Light Ion Engine > --- PROPULSION ------- Wheel Compact Wheel > --- UTILITY ---------- Small Storage Unit Seismic Detector > --- WEAPON ----------- Light Assault Rifle Light Assault Rifle > --- INVENTORY -------- Light Ion Engine Aluminum Leg Aluminum Leg Medium Matter Pod Tractor Beam Medium Laser Mining Laser [Rating: 7] Favorites ----------- Power Light Ion Engine Engine Light Ion Engine Propulsion Compact Wheel Leg Aluminum Leg Wheel Compact Wheel Utility Small Storage Unit Device Seismic Detector Storage Small Storage Unit Processor Signal Interpreter Weapon Light Assault Rifle Energy Gun Medium Laser Ballistic Gun Light Assault Rifle Special Weapon Mining Laser Build | -11 -10 ------- Run | Yrd Mat Slots Evolved . | . . Power . | . . Propulsion . | . . Utility . | . . Weapon . | . . Parts Attached 14 | 6 8 Power 2 | 1 1 Engine 2 | 1 1 Core . | . . Reactor . | . . Propulsion 4 | 2 2 Treads . | . . Leg 2 | . 2 Wheel 2 | 2 . Hover . | . . Flight . | . . Utility 3 | 1 2 Device 1 | . 1 Storage 1 | 1 . Processor 1 | . 1 Hackware . | . . Protection . | . . Artifact . | . . Weapon 5 | 2 3 Energy Gun 1 | . 1 Energy Cannon . | . . Ballistic Gun 3 | 2 1 Ballistic Cannon . | . . Launcher . | . . Special Weapon 1 | . 1 Impact Weapon . | . . Slashing Weapon . | . . Piercing Weapon . | . . Special Melee Weapon . | . . Unidentified Prototypes . | . . Parts Lost 8 | . 8 Power 2 | . 2 Propulsion 3 | . 3 Utility 1 | . 1 Weapon 2 | . 2 Highest Loss Streak 5 | . 5 To Critical Strikes . | . . Average Slot Usage (%) 85 | . 85 Engine 13 | . 13 Leg 8 | . 8 Wheel 17 | . 17 Device 7 | . 7 Storage 14 | . 14 Energy Gun 3 | . 3 Ballistic Gun 11 | . 11 Special Weapon 6 | . 6 Naked Turns . | . . Heaviest Build 11 | 10 11 Greatest Support 26 | 26 26 Greatest Overweight (x) 3 | 2 3 Average Overweight (x) . | . . Largest Inventory Capacity 8 | 8 8 Average Capacity 7 | 7 8 Most Carried 8 | 8 8 Average Carried 5 | 4 6 Final Capacity 8 | 8 8 Final Carried 8 | 8 3 Class Distribution -------------------- 100% | Mutant Dominant Class ---------------- Mutant | -10/Materials Resources | -11 -10 ----------- Run | Yrd Mat Matter Collected 394 | 339 55 Remotely . | . . Salvage Created 347 | 157 190 Parts 27 | 15 12 Haulers Intercepted . | . . Recyclers Shooed 1 | 1 . Parts Field Recycled . | . . Retrieved Matter . | . . Parts Self-Destructed . | . . Prevented . | . . Kills | -11 -10 ------- Run | Yrd Mat Combat Hostiles Destroyed 4 | . 4 Guns 4 | . 4 Classes Destroyed 6 | 3 3 Worker 1 | 1 . Builder 1 | . 1 Tunneler 5 | 5 . Recycler 2 | 1 1 Watcher 1 | . 1 Grunt 4 | . 4 Best Kill Streak 3 | 3 3 Combat Bots Only 2 | . 2 Max Kills in Single Turn 1 | 1 1 Gunslinging . | . . Exploded . | . . Melee . | . . Uniques/NPCs Destroyed . | . . Combat | -11 -10 -------- Run | Yrd Mat Hostile Shots Fired 87 | . 87 Missed 18 | . 18 Damage Taken 847 | . 847 Core 253 | . 253 Absorbed by Shields . | . . Core Remaining (%) 100 | 100 . Volleys Fired 75 | 30 45 Largest 2 | 2 2 Hottest 100 | 40 100 Shots Fired 107 | 60 47 Gun 96 | 60 36 Cannon . | . . Launcher . | . . Special 11 | . 11 Kinetic 81 | 60 21 Thermal 26 | . 26 Explosive . | . . Electromagnetic . | . . Robot Hit Streak 16 | 8 16 Robot Miss Streak 3 | 3 2 Penetration Max . | . . Secondary Targets . | . . Shots Hit Robots 66 | 37 29 Core Hits 36 | 14 22 Critical Kills . | . . Critical Parts Destroyed . | . . Critical Strikes 2 | . 2 Burn 2 | . 2 Melee Attacks . | . . Impact . | . . Slashing . | . . Piercing . | . . Sneak Attacks . | . . Combat Hostiles . | . . Follow-up Attacks . | . . Damage Inflicted 1073 | 318 755 Guns 618 | 318 300 Cannons . | . . Explosions 404 | . 404 Melee . | . . Ramming 27 | . 27 Kinetic 460 | 318 142 Thermal 586 | . 586 Explosive . | . . Electromagnetic . | . . Impact . | . . Slashing . | . . Piercing . | . . Highest Corruption . | . . Average Corruption . | . . Corruption Purged . | . . Corruption Blocked . | . . Overload Shots . | . . Overflow Damage 162 | . 162 Projectiles . | . . Explosions 162 | . 162 Melee . | . . Knockbacks 1 | . 1 Impact 1 | . 1 Kinetic . | . . Secondary . | . . Self-Inflicted Damage 47 | . 47 Shots 1 | . 1 Rammed 1 | . 1 Targets Rammed 20 | . 20 Kicked 19 | . 19 Crushed . | . . Highest Temperature 149 | . 149 Average Temperature 46 | . 46 Received Heat Transfer 435 | . 435 Siege Activations . | . . Robots Corrupted . | . . Combat Hostiles . | . . Parts Fried . | . . Impact Corruptions . | . . Robots Melted . | . . Combat Hostiles . | . . Parts Melted 1 | . 1 Heat Transferred 892 | . 892 Parts Sabotaged . | . . Parts Stolen . | . . Parts Stripped . | . . Power Chain Reactions . | . . Alert | -11 -10 ------- Run | Yrd Mat Peak Influence 571 | 35 571 Initial 22 | . 22 Average 183 | 13 285 Maximum Alert Level 2 | . 2 Low Security (%) 65 | 100 44 Level 1 2 | . 3 Level 2 32 | . 51 Level 3 . | . . Level 4 . | . . Level 5 . | . . High Security . | . . Max Security . | . . Squads Dispatched 1 | . 1 Investigation . | . . Extermination . | . . Reinforcement 1 | . 1 Assault . | . . Garrison . | . . Intercept . | . . Searches Triggered . | . . Construction Impeded . | . . Haulers Reinforced . | . . Active Scanning Responses . | . . Cargo Convoy Interrupts . | . . Stealth | -11 -10 --------- Run | Yrd Mat Distress Signals . | . . Communications Jammed . | . . Distress Signals . | . . Times Spotted 14 | . 14 Peak Tracking Total 6 | . 6 Tactical Retreats 2 | . 2 Traps | -11 -10 ------- Run | Yrd Mat Traps Triggered . | . . Indirectly . | . . Trap Hack Attempts . | . . Triggered . | . . Disarmed . | . . Reprogrammed . | . . Reused . | . . Traps Extracted . | . . Installed . | . . Triggered . | . . Machines | -11 -10 ---------- Run | Yrd Mat Machines Disabled 1 | . 1 Max in Single Turn 1 | . 1 Machines Repaired . | . . Machines Dismantled . | . . Machines Sabotaged . | . . Overloaded Fab Kills . | . . Hacking | -11 -10 --------- Run | Yrd Mat Machines Accessed 3 | . 3 Terminals 2 | . 2 Fabricators . | . . Repair Stations . | . . Recycling Units 1 | . 1 Scanalyzers . | . . Garrison Access . | . . Total Hacks 8 | . 8 Successful 5 | . 5 Failed 3 | . 3 Catastrophic 1 | . 1 Database Lockouts . | . . Manual 4 | . 4 Terminals 7 | . 7 Fabricators . | . . Repair Stations . | . . Recycling Units 1 | . 1 Scanalyzers . | . . Garrison Access . | . . Terminal Hacks 4 | . 4 Robot Analysis 1 | . 1 Alert Level 1 | . 1 Zone Layout 2 | . 2 Fabricator Hacks . | . . Repair Station Hacks . | . . Recycling Unit Hacks 1 | . 1 Retrieve Matter 1 | . 1 Scanalyzer . | . . Garrison Access Hacks . | . . Unauthorized Hacks . | . . Terminals . | . . Fabricators . | . . Repair Stations . | . . Recycling Units . | . . Scanalyzers . | . . Garrison Access . | . . Data Cores Recovered . | . . Used . | . . Hacking Detections 2 | . 2 Full Trace Events 1 | . 1 Feedback Events . | . . Feedback Blocked . | . . Robot Schematics Acquired . | . . Robots Built . | . . Authchips . | . . Time . | . . Total Robot Build Rating . | . . Part Schematics Acquired . | . . Parts Built . | . . Authchips . | . . Time . | . . Total Part Build Rating . | . . Parts Repaired . | . . Time . | . . Parts Recycled . | . . Recycled Matter . | . . Retrieved Matter . | . . Retrieved Components . | . . Parts Scanalyzed . | . . Part Schematics Acquired . | . . Parts Damaged . | . . Bothacking | -11 -10 ------------ Run | Yrd Mat Used RIF Installer . | . . Robots Hacked . | . . Non-combat . | . . Combat . | . . Robot Hacks Applied . | . . Relay Couplers Released . | . . Fabnet Peak Effective % . | . . Robots Rewired . | . . Allies Hacked . | . . Hacks Repelled . | . . Allies | -11 -10 -------- Run | Yrd Mat Total Allies . | . . Largest Group . | . . Highest-Rated Group . | . . Highest-Rated Ally . | . . Total Orders . | . . Ally Attacks . | . . Total Damage . | . . Kills . | . . Allies Corrupted . | . . Allies Melted . | . . Intel | -11 -10 ------- Run | Yrd Mat Robot Analysis Total 1 | . 1 Derelict Logs Recovered . | . . Drone Launches . | . . Drone Recoveries . | . . Exploration | -11 -10 ------------- Run | Yrd Mat Turns Passed 610 | 228 382 Spaces Moved 355 | 122 233 Core 17 | 14 3 Treads . | . . Legs 60 | . 60 Wheels 278 | 108 170 Hover . | . . Flight . | . . Fastest Speed 50 | 50 90 Average Speed 94 | 87 98 Slowest Speed 200 | 150 200 Overloaded Moves . | . . Propulsion Burnouts . | . . Robots Hopped . | . . Cave-ins Triggered . | . . Exploration Rate (%) 14 | 8 21 Regions Visited 1 Branch Regions . Pre-discovered Areas . | . . Known Exits Taken . | . . Unknown Exits Taken 1 | 1 . Scrap Searched . | . . Spaces Dug 10 | . 10 Terrain Destroyed 36 | . 36 Melee . | . . Projectile 10 | . 10 AOE 26 | . 26 Terrain Rammed . | . . Walls Destroyed . | . . Machines Disabled . | . . Actions | -11 -10 --------- Run | Yrd Mat Total 509 | 192 317 Wait 37 | 27 10 Move 354 | 121 233 Hop . | . . Pick Up 9 | 8 1 Fast Attach 6 | 6 . Attach 6 | . 6 Detach . | . . Swap 2 | . 2 Drop . | . . Fire 75 | 30 45 Melee . | . . Ram 1 | . 1 Kick 19 | . 19 Crush . | . . Escape Stasis . | . . Rewire . | . . Trap . | . . Miscellaneous . | . . Route ------- -11/Scrapyard -10/Materials (discovered 1 exit: [*Mat]) History --------- Turn | Location | Event 12 | -11/Scrapyard | Discovered new exit (range 15) 229 | -11/Scrapyard | Entered Materials 265 | -10/Materials | Discovered new exit (range 15) 315 | -10/Materials | Build established: Mutant 497 | -10/Materials | Core integrity fell below 50% 513 | -10/Materials | Lost 5 parts (1p1n1u2w) 606 | -10/Materials | Core integrity fell below 20% 611 | -10/Materials | Destroyed by G-34 Mercenary with Small Laser Last Messages --------------- 00589_ G-34 Mercenary overheating. 00590_ G-34 Mercenary heat spikes uncontrollably. 00590_ G-34 Mercenary overheating. 00592_ G-34 Mercenary suffers critical hit (Burn). 00592_ G-34 Mercenary destroyed. 00593_ Aluminum Leg destroyed. 00594_ R-06 Scavenger collects Aluminum Leg. 00596_ U-05 Engineer lays Concrete. 00597_ R-06 Scavenger destroyed. 00597_ U-05 Engineer builds a Wall. 00597_ R-06 Scavenger collects Lgt. Ion Engine. 00599_ U-05 Engineer builds a Wall. 00600_ Acquired 10 matter. 00601_ Aluminum Leg destroyed. 00602_ U-05 Engineer builds a Wall. 00603_ Lgt. Ion Engine destroyed. 00607_ U-05 Engineer lays Concrete. 00610_ U-05 Engineer destroyed. Map ----- +----------------------------------------------------+ | ?????????????????????????????????? | | ?????????????????????????????????? | | ?????????????????????????????????? | | ?????????????????????????????????? | | ?????????????????????????????????? | | ?????????????????????????????????? | | ?????????????????????????????????? | | ?????????????????????????????????? | | ?????????????????????????????????? | | ?????????????????????????????????? | | ?????????????????????????????????? | | ?????????????????????????????????? | | ???????????????????????#?????????? | | ????????????????????? ?????????? | | ????????????????????? ? #?????? | | ?????????????????????? ? #?????? | | ????????????????????# ? #?????? | | ????????????????????# ? #?????? | | ????????????????????# ? #?????? | | ????????????????????# ? #?????? | | ????????????????????#] ? ##????? | | ????????????????????# #u#####?? | | #????????????????????#####g;;;;##? | | #????????????????????# ;rg*| #? | | #???????????????????## ;=%g! #? | | #???????????????????# ; @= #? | | #??????????????###??## ; %* #? | | #??????????????# ##??# ; [ #? | | ##???????####### #??# ; % #? | | #???????# ##??# ; % #? | | #???????# """ #???# ; #? | | #???????# """"" ####### #? | | #???????# """"" # ##r#######? | | #???????# """"" # #????? | | ########## """ + #????? | | # # # #????? | | + """ #""" # #### #????? | | # "T" #"Y ## ##??# #????? | | # #""" ## #???# #????? | | # # ## #???# #????? | | # !!! ########## < #???# #????? | | # !! ######???# #???# #????? | | # !! # #???# ###???# #????? | | / #! T ############# #????? | | ########## + % #????? | | ?????????# ###############????? | | ?????????# ! #??????????????????? | | ?????????# #??????????????????? | | ?????????######??????????????????? | | | +----------------------------------------------------+ Best States ------------- Heat Dissipation 25 Energy Generation 10 Energy Capacity 125 Matter Stores 300 Matter Capacity 300 Sight Range 16 Terrain Scan Density 10 Evasion (%) 55 Item Schematics ----------------- None Robot Schematics ------------------ None Fabricated ------------ Nothing Alien Tech Used ----------------- None Achievements -------------- None Challenges ------------ None Game ------ Seed BladeAuthchipBoregun Manual? 0 Play Time 00:24:07 Cumulative 6.5 hours Start 2024.04.12 @ 16:08:39 End 2024.04.12 @ 16:38:59 Sessions 1 Manual Loads 0 Difficulty Rogue Special Mode None Game No. 6 Rogue 6 Adventurer 0 Explorer 0 Win Type - Total 0 Types 0/0/0/0/0/0/0/0/0 Lore% 4 Gallery% 7 Achievement% 5 Wizard Run 0 Options --------- Layout 2 ASCII 1 Keyboard 1 Movement Vi Keybinds 0 Fullscreen 2 Font 40/SmallcapsGlow Map View 50x44 Zoom Use 0% Tactical HUD 1 Map Filters NONE Filters NONE Steam 0 RUN: 414756c8-9427-44aa-8210-c73061668993